[Event "Team 45 45 League T86"]
[Site "Internet Chess Club"]
[Date "2020.11.06"]
[Round "6"]
[White "dwmt"]
[Black "seldredg"]
[Result "0-1"]
[WhiteElo "1109"]
[BlackElo "1327"]
[Opening "Polish (Sokolsky) opening"]
[ECO "A00"]
[Time "19:30:24"]
[TimeControl "2700+45"]

1. b4 d6 2. e4 e5 3. d3 Nf6 4. Nf3 Be7 5. a3 a5 6. Bb2 b6 7. bxa5 Rxa5 8. Bc3
Ra8 9. g3 Nbd7 10. Nbd2 Ba6 11. Bg2 c6 12. O-O Qc7 13. a4 d5 14. Re1 d4 15. Bb2
Nc5 16. Bf1 Rb8 17. Nb3 Ne6 18. Ba3 c5 19. Nbd2 h6 20. Bh3 Ng5 21. Bg2 Bc8 22.
Bb2 Bd6 23. Nc4 Bh3 24. Nxd6+ Qxd6 25. a5 Bxg2 26. Kxg2 Ra8 27. axb6 Ke7 28.
Ra7+ Rxa7 29. bxa7 Qd7 30. Nxe5 Qh3+ 31. Kg1 Ke6 32. f4 Nh5 33. Qg4+ Qxg4 34.
Nxg4 Nf3+ 35. Kf2 Nxe1 36. f5+ Kd6 37. Kxe1 Ra8 38. Kd2 Rxa7 39. Nf2 g5 40. fxg6
fxg6 41. Ng4 Rh7 42. c3 dxc3+ 43. Bxc3 Ra7 44. Be5+ Ke6 45. Kc3 Ra3+ 46. Kc4 Nf6
47. Bxf6 h5 48. Bb2 Ra4+ 49. Kb3 Rb4+ 50. Kc3 hxg4 51. Ba3 Rb8 52. Bxc5 Rb1 53.
d4 Rh1 54. d5+ Ke5 55. Kd3 Rxh2 56. Bd4+ Kd6 57. Kc4 Rh3 58. e5+ Kd7 59. e6+ Kc7
60. Be5+ Kd8 61. Kc5 Rh1 62. Bf4 Rf1 63. d6 Rxf4 64. gxf4 g3 65. e7+ Kd7 66.
e8=Q+ Kxe8 67. Kc6 Kd8 {White resigns} 0-1

[Event "Team 45 45 League T86"]
[Site "Internet Chess Club"]
[Date "2020.11.07"]
[Round "6"]
[White "olivermx"]
[Black "ascoli"]
[Result "0-1"]
[WhiteElo "1316"]
[BlackElo "1658"]
[Opening "French: advance, Paulsen attack"]
[ECO "C02"]
[Time "13:02:00"]
[TimeControl "2700+45"]

1. e4 e6 2. d4 d5 3. e5 c5 4. c3 Nc6 5. Nf3 Qb6 6. a3 c4 7. Nbd2 Na5 8. Be2 Bd7
9. O-O Nh6 10. Qc2 Nf5 11. Bd1 h5 12. b4 cxb3 13. Nxb3 Ba4 14. Rb1 Bxb3 15. Rxb3
Nxb3 16. Qxb3 Qxb3 17. Bxb3 Rc8 {White resigns} 0-1

[Event "Team 45 45 League T86"]
[Site "Internet Chess Club"]
[Date "2020.11.06"]
[Round "6"]
[White "Conjurer"]
[Black "rgadoury"]
[Result "1-0"]
[WhiteElo "1227"]
[BlackElo "1131"]
[Opening "Queen's pawn, Mason variation"]
[ECO "D00"]
[Time "13:08:58"]
[TimeControl "2700+45"]

1. d4 d5 2. Bf4 Nf6 3. e3 e6 4. Nf3 Bd6 5. Bg3 Nbd7 6. Ne5 O-O 7. Bd3 Ne4 8. O-O
Nxg3 9. hxg3 Bxe5 10. dxe5 Nxe5 11. Bxh7+ Kxh7 12. Qh5+ Kg8 13. Qxe5 f6 14. Qh5
Bd7 15. Nd2 e5 16. f4 Bb5 17. Rfe1 e4 18. Nb3 b6 19. Nd4 Be8 20. Qg4 Bd7 21. Nf5
Bxf5 22. Qxf5 Qd6 23. Kf2 Kf7 24. Rh1 Rh8 25. Rh3 Rxh3 26. Qxh3 Qf8 27. Qd7+ Kg6
28. Rh1 Qg8 29. g4 Rf8 30. Qxc7 f5 31. g5 Qh8 32. Rxh8 Rxh8 33. Qd6+ Kh5 34.
Qxd5 Kg4 35. Qe5 g6 36. Kg1 Kg3 37. Qxh8 {Black resigns} 1-0

[Event "Team 45 45 League T86"]
[Site "Internet Chess Club"]
[Date "2020.11.07"]
[Round "6"]
[White "QuieroAprender"]
[Black "Signofthetimes"]
[Result "1-0"]
[WhiteElo "1630"]
[BlackElo "1555"]
[Opening "Caro-Kann: two knights variation"]
[ECO "B11"]
[Time "17:10:35"]
[TimeControl "2700+45"]

1. e4 c6 2. Nc3 d5 3. Nf3 dxe4 4. Nxe4 Bf5 5. Ng3 Bg6 6. h4 h6 7. Ne5 Qd6 8. d4
Nd7 9. Nxg6 Qxg6 10. Bd3 Qd6 11. Be3 Ngf6 12. c3 e6 13. Ne4 Nxe4 14. Bxe4 Nf6
15. Bf3 Be7 16. Qb3 O-O-O 17. Qa4 a6 18. g3 Nd5 19. Bd2 Qc7 20. O-O-O g5 21.
hxg5 Bxg5 22. Bxg5 hxg5 23. Rxh8 Rxh8 24. Bxd5 cxd5 25. Qc2 Rh2 26. Rd2 Qc4 27.
b3 Rh1+ 28. Kb2 Qb5 29. c4 dxc4 30. Qxc4+ Qxc4 31. bxc4 Kc7 32. d5 e5 33. c5 e4
34. d6+ Kd7 35. Re2 f5 36. g4 Rh2 37. gxf5 e3 38. Rxe3 Rxf2+ 39. Kc3 Rxf5 40.
Re7+ Kc8 41. Kd4 Rf2 42. Rc7+ Kb8 43. Rg7 Kc8 44. Rxg5 Rxa2 45. Rg8+ Kd7 46.
Rg7+ Kc8 47. Rc7+ Kb8 48. Kd5 Rd2+ 49. Ke6 a5 50. Rf7 a4 51. Rf8+ Ka7 52. d7 a3
53. d8=Q Re2+ 54. Kd5 Rd2+ 55. Kc4 Rxd8 56. Rxd8 a2 57. Rd1 {Black resigns} 1-0

[Event "Team 45 45 League T86"]
[Site "Internet Chess Club"]
[Date "2020.11.07"]
[Round "6"]
[White "scostanzo212"]
[Black "kabindra"]
[Result "0-1"]
[WhiteElo "1593"]
[BlackElo "1681"]
[Opening "QGD: exchange, positional line"]
[ECO "D35"]
[Time "14:20:49"]
[TimeControl "2700+45"]

1. d4 d5 2. c4 e6 3. Nc3 Nf6 4. cxd5 exd5 5. Bg5 Nbd7 6. e3 Be7 7. Bd3 c6 8. Qc2
h6 9. Bf4 O-O 10. Nge2 Nb6 11. O-O Be6 12. Na4 Nxa4 13. Qxa4 a6 14. b4 b5 15.
Qb3 Ne4 16. Bxe4 dxe4 17. Qb2 Bc4 18. Rfc1 a5 19. a3 axb4 20. axb4 Rxa1 21. Rxa1
Bxe2 22. Qxe2 Bxb4 23. Qc2 Qd5 24. Ra6 Rc8 25. Qe2 Qc4 26. Qd1 Qc3 27. Ra1 Kh7
28. Rc1 Qd2 29. Qf1 Qd3 30. Qxd3 exd3 31. Rb1 Bc3 32. Bd6 d2 33. Kf1 Ra8 34. Ke2
Ra4 35. Bc5 f5 36. Kd3 b4 37. d5 cxd5 38. Bd4 Ra3 39. Bc5 Rb3 40. Rd1 g5 41. Bd4
Kg6 42. Kc2 Ra3 43. Kd3 Kf7 44. Bc5 Ke6 45. Bd4 Kd6 46. Rf1 Kc6 47. Rh1 Kb5 48.
Rd1 Ka4 49. Rb1 Rb3 50. Rd1 Ka3 51. Kc2 Ka2 52. h3 Rb2+ 53. Kd3 Rb1 54. Rxd2+
Bxd2 55. Kxd2 b3 {White resigns} 0-1

[Event "Team 45 45 League T86"]
[Site "Internet Chess Club"]
[Date "2020.11.03"]
[Round "6"]
[White "VictorRed"]
[Black "Kingofknights"]
[Result "1-0"]
[WhiteElo "1656"]
[BlackElo "1550"]
[Opening "Caro-Kann: advance variation"]
[ECO "B12"]
[Time "20:00:54"]
[TimeControl "2700+45"]

1. e4 c6 2. d4 d5 3. e5 c5 4. Nf3 cxd4 5. Nxd4 Nc6 6. Nxc6 bxc6 7. Be2 e6 8. O-O
Qc7 9. f4 Bc5+ 10. Kh1 Bb6 11. b3 c5 12. Nc3 a5 13. Nb5 Qc6 14. Nd6+ Ke7 15. Bb5
Qc7 16. Qg4 Kf8 17. Ne8 Qa7 18. Qxg7+ Ke7 19. Qxh8 Bd7 20. Bxd7 Qxd7 21. Nd6 Rd8
22. Qxh7 Kf8 23. f5 Ra8 24. fxe6 Qxe6 25. Rxf7+ {Black resigns} 1-0

[Event "Team 45 45 League T86"]
[Site "Internet Chess Club"]
[Date "2020.11.09"]
[Round "6"]
[White "tightfist"]
[Black "Toalla"]
[Result "1-0"]
[WhiteElo "1463"]
[BlackElo "1147"]
[Opening "King's Indian, 3.Nf3"]
[ECO "E60"]
[Time "17:02:04"]
[TimeControl "2700+45"]

1. Nf3 Nf6 2. c4 g6 3. d4 b6 4. e3 Bb7 5. Be2 Bg7 6. O-O O-O 7. Nbd2 d5 8. Qc2
dxc4 9. Bxc4 e6 10. b3 c5 11. Ba3 Nbd7 12. Rac1 Rc8 13. Qb1 Bd5 14. e4 Bxc4 15.
Nxc4 Nb8 16. dxc5 bxc5 17. Rcd1 Qc7 18. Nd6 Rcd8 19. Nc4 Nfd7 20. Rd3 Ne5 21.
Nfxe5 Bxe5 22. Nxe5 Qxe5 23. Rfd1 Rxd3 24. Qxd3 Nc6 25. f3 Qd4+ 26. Qxd4 Nxd4
27. Bxc5 e5 28. Bxf8 Kxf8 29. Kf2 Ke7 30. Ke3 Nb5 31. Rd5 a6 32. Rxe5+ Kd6 33.
Rd5+ Ke6 34. Rxb5 axb5 35. Kd4 Kd6 36. a4 {Black resigns} 1-0

[Event "Team 45 45 League T86"]
[Site "Internet Chess Club"]
[Date "2020.11.06"]
[Round "6"]
[White "nidusin2"]
[Black "Snuffleupegus"]
[Result "0-1"]
[WhiteElo "1654"]
[BlackElo "1483"]
[Opening "KGA: Cunningham defense"]
[ECO "C35"]
[Time "20:37:13"]
[TimeControl "2700+45"]

1. e4 e5 2. f4 Be7 3. Nf3 exf4 4. d4 Bh4+ 5. Ke2 Nc6 6. Bxf4 g5 7. Nxh4 gxf4 8.
Nf5 Qg5 9. Nd2 d5 10. Nf3 Qg4 11. Qd3 Nf6 12. h3 dxe4 13. hxg4 exd3+ 14. Kxd3
Nxg4 15. Re1+ Kf8 16. N3h4 Nf2+ 17. Ke2 Nxh1 18. Kf3 Ng3 19. Nxg3 fxg3 20. c3
Be6 21. a3 Rg8 22. Bd3 Rg7 23. Kf4 Rg4+ {White resigns} 0-1

[Event "Team 45 45 League T86"]
[Site "Internet Chess Club"]
[Date "2020.11.09"]
[Round "6"]
[White "Grenadier"]
[Black "fireball"]
[Result "0-1"]
[WhiteElo "1557"]
[BlackElo "1470"]
[Opening "French: advance, Euwe variation"]
[ECO "C02"]
[Time "13:04:10"]
[TimeControl "2700+45"]

1. e4 e6 2. d4 d5 3. e5 c5 4. c3 Nc6 5. Nf3 Bd7 6. Bd3 cxd4 7. cxd4 Qb6 8. O-O
Nxd4 9. Nxd4 Qxd4 10. Nc3 a6 11. Qc2 Qxe5 12. Bd2 Nf6 13. Rfe1 Qc7 14. Qb3 Be7
15. Rac1 Bc6 16. Bg5 O-O 17. Bb1 Ng4 18. Bxe7 Qxh2+ 19. Kf1 Qh1+ 20. Ke2 Qxg2
21. Bh4 d4 22. Nd1 Qh2 23. Bg3 Qh5 24. Rxc6 bxc6 25. Kf1 Qb5+ 26. Qxb5 axb5 27.
Kg2 c5 28. Re4 Nf6 29. Re5 Rfc8 30. a3 Ra7 31. Ba2 Rb7 32. Rxe6 c4 33. Rd6 d3
34. Nc3 Kf8 35. Rd4 Ke7 36. Bd6+ Ke6 37. Bb4 Rcc7 38. Rxd3 Rd7 39. Re3+ Kf5 40.
Rf3+ Kg6 41. Rg3+ Kh6 42. Rh3+ Nh5 43. Nxb5 Rxb5 44. Bxc4 Rg5+ 45. Kf1 Kg6 46.
Bd3+ f5 47. Bb5 Rc7 48. Be8+ Kh6 49. Bd2 g6 50. Bxg5+ Kxg5 51. Rc3 Rxc3 52. bxc3
Nf6 53. Bc6 Ng8 54. Bd5 Ne7 55. c4 Kf6 56. a4 Ke5 57. Bb7 Kd6 58. a5 Kc7 59. a6
Nc6 60. Kg2 Nb8 61. Bd5 Nxa6 62. Bg8 h6 63. Bh7 g5 64. Bxf5 Nc5 65. Kg3 Kd6 66.
Kg4 Ke5 67. Bh7 Kf6 68. Bg8 Kg6 69. Bd5 h5+ 70. Kg3 Kf5 71. f3 h4+ 72. Kg2 Kf4
73. Ba8 Nd3 74. Kh3 Nf2+ 75. Kg2 Nd3 76. Kh3 Nc5 77. Kg2 Ke3 78. Kh3 Kf4 79. Bd5
Nd3 80. Kg2 Ke5 81. Kf1 Nf4 82. Bb7 Kd4 83. Ba6 Kc5 84. Kf2 Nd3+ 85. Kg2 Ne5 86.
Kh3 Nxf3 87. Kg4 Ne5+ 88. Kxg5 h3 89. Bb7 Nc6 90. Bxc6 Kxc6 {White resigns} 0-1

[Event "Team 45 45 League T86"]
[Site "Internet Chess Club"]
[Date "2020.11.05"]
[Round "6"]
[White "jg250686"]
[Black "GoIrish"]
[Result "1/2-1/2"]
[WhiteElo "1310"]
[BlackElo "1500"]
[Opening "King's Indian: Sämisch, 5...O-O"]
[ECO "E81"]
[Time "20:02:10"]
[TimeControl "2700+45"]

1. d4 Nf6 2. c4 g6 3. Nc3 Bg7 4. e4 d6 5. f3 O-O 6. Be3 c5 7. d5 e6 8. Qd2 exd5
9. cxd5 a6 10. Bh6 b5 11. Bxg7 Kxg7 12. g4 Nbd7 13. h4 h5 14. gxh5 Nxh5 15. Nce2
Ne5 16. O-O-O Qf6 17. Qg5 b4 18. Qxf6+ Nxf6 19. Nf4 Rh8 20. Be2 g5 21. Ng2 g4
22. f4 Ng6 23. Bd3 c4 24. Bc2 b3 25. axb3 cxb3 26. Bb1 Bd7 27. Ne2 Rac8+ 28. Nc3
Nh5 29. Rd3 Ngxf4 30. Nxf4 Nxf4 31. Rd2 Nh3 32. Kd1 Rxh4 33. Rf1 g3 34. Rg2 Rg4
35. Bd3 Nf2+ 36. Ke2 Nxd3 37. Kxd3 a5 38. Rf3 a4 39. Rfxg3 Rxg3+ 40. Rxg3+ Kf6
41. Rf3+ Ke7 42. Kd4 Rc5 43. e5 Ra5 44. exd6+ Kxd6 45. Rxf7 a3 46. bxa3 b2 47.
Ne4+ Kc7 48. Nc3 Kd6 49. Rf6+ Ke7 50. Rb6 Rxa3 51. Rxb2 {Game drawn by mutual
agreement} 1/2-1/2

[Event "Team 45 45 League T86"]
[Site "Internet Chess Club"]
[Date "2020.11.08"]
[Round "6"]
[White "MartyJR"]
[Black "xingon"]
[Result "1-0"]
[WhiteElo "1436"]
[BlackElo "1350"]
[Opening "Queen's bishop game"]
[ECO "A45"]
[Time "13:00:54"]
[TimeControl "2700+45"]

1. d4 Nf6 2. Bf4 d5 3. Nf3 Bf5 4. e3 e6 5. Bd3 Bg6 6. O-O c5 7. c3 Qb6 8. Bxg6
hxg6 9. Qc2 Nh5 10. Bg5 f6 11. Qxg6+ Kd8 12. Bf4 Nxf4 13. exf4 Qxb2 14. Nbd2
Qxc3 15. dxc5 Qxc5 16. Rac1 Qa5 17. Rfe1 Qa6 18. Nd4 Kd7 19. Qf7+ Be7 20. Rxe6
Qa3 21. Rce1 Re8 22. Nf5 Nc6 23. Nxe7 Nxe7 24. Nf3 Rac8 25. Nh4 Rc1 26. Nf5
Rxe1+ 27. Rxe1 Qb4 28. Qe6+ Kd8 29. Nd6 d4 30. Nxe8 Kxe8 31. Qc8+ Kf7 32. Qc1
Qc3 33. Qd1 a5 34. Re2 b5 35. Rd2 Nc6 36. Rc2 {Black resigns} 1-0

[Event "Team 45 45 League T86"]
[Site "Internet Chess Club"]
[Date "2020.11.06"]
[Round "6"]
[White "g8wrb"]
[Black "Toalla"]
[Result "1-0"]
[WhiteElo "1280"]
[BlackElo "1165"]
[Opening "Caro-Kann: classical, 6.h4"]
[ECO "B18"]
[Time "15:01:58"]
[TimeControl "2700+45"]

1. e4 c6 2. d4 d5 3. Nc3 dxe4 4. Nxe4 Bf5 5. Ng3 Bg6 6. h4 h6 7. h5 Bh7 8. Nf3
e6 9. Bd3 Bxd3 10. Qxd3 Be7 11. Bf4 Bb4+ 12. Bd2 Bxd2+ 13. Qxd2 Nf6 14. Qb4 Qc7
15. c4 Nbd7 16. O-O Qb6 17. a3 O-O-O 18. Rfd1 Kb8 19. Qc3 Qc7 20. b4 a6 21. a4
b5 22. axb5 axb5 23. Qa3 Qb7 24. Rdc1 Nb6 25. cxb5 cxb5 26. Rc5 Na4 27. Rcc1 Rc8
28. Ne5 Rhd8 29. Rxc8+ Rxc8 30. Rc1 Nb6 31. Rc5 Na4 32. Rc1 Nb6 33. Nd3 Nc4 34.
Qa1 Nb6 35. Nc5 Qa8 36. Qb2 Nc4 37. Qe2 Qa7 38. Qd3 Qa8 39. Qc3 Qc6 40. Ra1 Kc7
41. Ra7+ Kd8 42. Rxf7 Rc7 43. Rf8+ Ke7 44. Rb8 Rc8 45. Rb7+ Rc7 46. Rxc7+ Qxc7
47. Qf3 Nd5 48. Qg4 Kf7 49. Qxe6+ Kf8 50. Qxd5 Nb6 51. Ne6+ {Black resigns} 1-0

[Event "Team 45 45 League T86"]
[Site "Internet Chess Club"]
[Date "2020.11.05"]
[Round "6"]
[White "kabubi"]
[Black "seattleblues"]
[Result "1/2-1/2"]
[WhiteElo "1128"]
[BlackElo "1241"]
[Opening "Caro-Kann: classical variation"]
[ECO "B18"]
[Time "21:02:05"]
[TimeControl "2700+45"]

1. e4 c6 2. d4 d5 3. Nc3 dxe4 4. Nxe4 Bf5 5. Ng3 Bg6 6. Nf3 Nf6 7. h4 h6 8. Ne5
Bh7 9. Bc4 e6 10. Qe2 Qxd4 11. c3 Qb6 12. Nxf7 Be7 13. Nxh8 c5 14. Qxe6 Qxe6+
15. Bxe6 Kf8 16. O-O Nc6 17. Rd1 Nd8 18. Bd5 Nxd5 19. Rxd5 Kg8 20. Re5 Nc6 21.
Rh5 Kxh8 22. Be3 b6 23. Rd1 Rd8 24. Rxd8+ Bxd8 25. Kh2 Bg6 26. Rd5 Bxh4 27. Rd6
Ne5 28. f4 Ng4+ 29. Kh3 Nxe3 {Game drawn by mutual agreement} 1/2-1/2

[Event "Team 45 45 League T86"]
[Site "Internet Chess Club"]
[Date "2020.11.06"]
[Round "6"]
[White "noblitz-oblige"]
[Black "cap78red"]
[Result "1-0"]
[WhiteElo "1544"]
[BlackElo "1448"]
[Opening "Pirc: classical, h3 system"]
[ECO "B08"]
[Time "09:01:23"]
[TimeControl "2700+45"]

1. e4 d6 2. d4 Nf6 3. Nc3 g6 4. Nf3 Bg7 5. h3 O-O 6. Bc4 Nxe4 7. Bxf7+ Rxf7 8.
Nxe4 h6 9. O-O Nc6 10. c3 Bd7 11. Be3 Kh7 12. Qb3 Rf8 13. Rab1 Bxh3 14. Nfg5+
hxg5 15. Nxg5+ Kh8 16. gxh3 Qd7 17. Nf7+ Kh7 18. Qd5 e6 19. Ng5+ Kg8 20. Nxe6
Qf7 21. Nxc7 Qxd5 22. Nxd5 Rf3 23. Kg2 Raf8 24. Rbe1 R8f5 25. Bc1 Kf7 26. Ne3
Rf6 27. Ng4 R6f5 28. Bg5 Rd3 29. Be3 b5 30. f3 b4 31. Nf2 Rxc3 32. bxc3 bxc3 33.
Rc1 Nxd4 34. Rxc3 Nxf3 35. Rc7+ Ke6 36. Rxg7 Nh4+ 37. Kg3 Rxf2 38. Kxf2 Nf5 39.
Rxg6+ Kf7 40. Rg5 Ke6 41. Rxf5 Kxf5 42. Kg3+ Ke4 43. Bxa7 d5 44. h4 d4 45. Rf4+
Kd3 46. Rxd4+ Ke2 47. Kf4 Kf2 48. Rd2+ Ke1 49. Ke3 Kf1 50. Re2 Kg1 51. Rf2 Kh1
52. Kf3 Kg1 53. Kg3 {Black resigns} 1-0

[Event "Team 45 45 League T86"]
[Site "Internet Chess Club"]
[Date "2020.11.10"]
[Round "6"]
[White "Visin"]
[Black "stanbeers"]
[Result "0-1"]
[WhiteElo "1262"]
[BlackElo "1420"]
[Opening "Van't Kruijs opening"]
[ECO "A00"]
[Time "13:00:17"]
[TimeControl "2700+45"]

1. e3 d6 2. g3 Nd7 3. b3 e5 4. Bg2 Ngf6 5. Bb2 Be7 6. Ne2 O-O 7. d4 c6 8. O-O
Qc7 9. c4 Re8 10. Nbc3 Nf8 11. d5 Bf5 12. e4 Bg6 13. dxc6 bxc6 14. Bc1 Ne6 15.
f3 Nc5 16. Be3 Rad8 17. Qc1 a6 18. Rd1 Qb7 19. Bxc5 dxc5 20. Na4 h6 21. Qe3 Rd7
22. Rd3 Rxd3 23. Qxd3 Rd8 24. Qc2 Nh7 25. Rd1 Qb4 26. Rxd8+ Bxd8 27. Qc3 Ba5 28.
Qxb4 cxb4 29. Nc5 Bb6 30. f4 Bxc5+ 31. Kf1 f6 32. fxe5 fxe5 33. Nc1 Ng5 34. Nd3
Bd6 35. c5 Bc7 36. Nxb4 Nxe4 37. Bxe4 Bxe4 38. Nxa6 Bd8 39. Ke2 Bb1 40. a3 Be4
41. Ke3 Bd5 42. Nb4 Bg5+ 43. Ke2 Bxb3 44. Nxc6 Bc4+ 45. Kf2 Bf6 46. a4 e4 47. a5
Bb5 48. Nb4 Bd4+ 49. Kg2 Bxc5 50. a6 Bxb4 {White resigns} 0-1

[Event "Team 45 45 League T86"]
[Site "Internet Chess Club"]
[Date "2020.11.08"]
[Round "6"]
[White "kingsrook"]
[Black "pagliaci"]
[Result "0-1"]
[WhiteElo "1110"]
[BlackElo "1263"]
[Opening "Grünfeld: exchange variation"]
[ECO "D85"]
[Time "13:01:05"]
[TimeControl "2700+45"]

1. d4 Nf6 2. c4 g6 3. Nc3 d5 4. cxd5 Nxd5 5. e4 Nxc3 6. bxc3 Bg7 7. Be3 c5 8.
Rc1 Nc6 9. Nf3 Bg4 10. Be2 Bxf3 11. Bxf3 cxd4 12. cxd4 Nxd4 13. O-O Nxf3+ 14.
Qxf3 Qa5 15. Qe2 O-O 16. Rfd1 Rfd8 17. h3 Qe5 18. f3 b6 19. Rd2 Qb8 20. Rcd1
Rxd2 21. Rxd2 Qc7 22. Rc2 Qb7 23. Qd3 Rc8 24. Rd2 a6 25. Qd7 Rc7 26. Qd8+ Bf8
27. Bf4 Rc8 28. Qd7 Rc1+ 29. Kf2 Qxd7 30. Rxd7 Rc2+ 31. Rd2 Rxd2+ 32. Bxd2 e6
33. a4 b5 34. a5 b4 35. Ke1 b3 36. Kd1 Bg7 37. Kc1 Kf8 38. Kb1 Ke7 39. f4 Kd6
40. g4 Kc5 41. e5 f5 42. g5 Kc4 43. Kb2 Bf8 44. Bc1 Bb4 45. Be3 Bxa5 46. Bc1 Bb4
47. Kb1 Bc3 48. Be3 a5 49. Bc1 a4 50. Ba3 Bb4 51. Kb2 Bxa3+ 52. Kxa3 Kc3 53.
Kxa4 Kc2 54. Ka3 b2 {White resigns} 0-1

[Event "Team 45 45 League T86"]
[Site "Internet Chess Club"]
[Date "2020.11.04"]
[Round "6"]
[White "room-matt"]
[Black "Ehab"]
[Result "1-0"]
[WhiteElo "1826"]
[BlackElo "1832"]
[Opening "Vienna game"]
[ECO "C26"]
[Time "11:03:08"]
[TimeControl "2700+45"]

1. e4 e5 2. Nc3 Nf6 3. Bc4 Bc5 4. d3 O-O 5. Bg5 c6 6. Qf3 Be7 7. a4 d6 8. h3
Nbd7 9. Nge2 Nb6 10. Ba2 Be6 11. O-O a5 12. Bxe6 fxe6 13. Be3 Nbd7 14. Qg3 Kh8
15. Rad1 d5 16. f4 Nh5 17. Qg4 exf4 18. Bd4 e5 19. Qxh5 exd4 20. Nxd4 Qb6 21.
Ne2 Bc5 22. c3 f3 23. Rxf3 Nf6 24. Qg5 Qxb2 25. Rg3 Rf7 26. Re3 dxe4 27. Qxc5
exd3 28. Rdxd3 Qb1+ 29. Kh2 Ne4 30. Qc4 Nf2 31. Qxf7 Qh1+ 32. Kg3 {Black
resigns} 1-0

[Event "Team 45 45 League T86"]
[Site "Internet Chess Club"]
[Date "2020.11.04"]
[Round "6"]
[White "QuieroAprender"]
[Black "filmdirector"]
[Result "0-1"]
[WhiteElo "1597"]
[BlackElo "1590"]
[Opening "QGD: Chigorin defense"]
[ECO "D07"]
[Time "15:31:14"]
[TimeControl "2700+45"]

1. d4 d5 2. c4 Nc6 3. cxd5 Qxd5 4. Nc3 Qxd4 5. Qxd4 Nxd4 6. Kd1 Bd7 7. e3 Nc6 8.
Bc4 O-O-O 9. Ke2 Ne5 10. Bb3 e6 11. f4 Ng6 12. Nf3 Bc5 13. Ne4 Bb5+ 14. Kf2 Bb6
15. a4 Bc6 16. Neg5 Nh6 17. Nxf7 Nxf7 18. Bxe6+ Kb8 19. Bxf7 Nxf4 20. a5 Nd3+
21. Ke2 Bc5 22. Bd2 Bb5 23. b4 Nxb4+ 24. Kf2 Rxd2+ 25. Nxd2 Rf8 26. Kg3 Rxf7 27.
Rab1 Bd6+ 28. Kh3 Bd7+ 29. g4 Nd3 30. Rhf1 Rxf1 31. Rxf1 Ne5 32. Kg3 Nxg4+
{White resigns} 0-1

[Event "Team 45 45 League T86"]
[Site "Internet Chess Club"]
[Date "2020.11.09"]
[Round "6"]
[White "Zugzwanged"]
[Black "Portola"]
[Result "1/2-1/2"]
[WhiteElo "1691"]
[BlackElo "1655"]
[Opening "French: exchange variation"]
[ECO "C01"]
[Time "14:02:45"]
[TimeControl "2700+45"]

1. e4 e6 2. d4 d5 3. exd5 exd5 4. Nf3 Nf6 5. Bd3 Be7 6. O-O O-O 7. Bg5 Bg4 8.
Nbd2 Nbd7 9. c3 c6 10. Qc2 Bh5 11. Rfe1 Bg6 12. Bxg6 hxg6 13. Re2 Bd6 14. Rae1
Qc7 15. Ne5 Rae8 16. Nxd7 Qxd7 17. Bh4 Rxe2 18. Rxe2 Qg4 19. Nf3 Nh5 20. Bg3 Nf4
21. Re1 Qd7 22. Ne5 Bxe5 23. Rxe5 Ne6 24. Qe2 Qc8 25. Qg4 Qd8 26. Qe2 {Game
drawn by mutual agreement} 1/2-1/2

[Event "Team 45 45 League T86"]
[Site "Internet Chess Club"]
[Date "2020.11.06"]
[Round "6"]
[White "julesraider"]
[Black "pishd"]
[Result "0-1"]
[WhiteElo "1558"]
[BlackElo "1846"]
[Opening "QGD: exchange, positional line, 6.Qc2"]
[ECO "D36"]
[Time "12:01:12"]
[TimeControl "2700+45"]

1. d4 d5 2. c4 e6 3. Nc3 Nf6 4. cxd5 exd5 5. Bg5 c6 6. Qc2 Nbd7 7. e3 Be7 8. Bd3
O-O 9. Nf3 Re8 10. O-O Nf8 11. Rab1 a5 12. a3 Ng6 13. b4 axb4 14. axb4 Ne4 15.
Bxe7 Qxe7 16. b5 Bg4 17. Nd2 Nxd2 18. Qxd2 Nh4 19. bxc6 bxc6 20. Qc2 Bh3 21. Qe2
Bxg2 22. Rfc1 Bf3 23. Qc2 Qg5+ 24. Kf1 Qg2+ 25. Ke1 Qg1+ 26. Kd2 Qxf2+ 27. Ne2
Qxe3+ 28. Kd1 Qxd4 29. Qd2 Qg1+ 30. Kc2 Ra2+ 31. Rb2 Rxb2+ 32. Kxb2 Qb6+ 33. Kc2
Ng6 34. Nc3 Qe3 35. Na4 Qxd2+ 36. Kxd2 Ne5 37. Bf1 g6 38. Nc5 Kf8 39. Ke3 Bg4
40. h3 Bf5 41. Kf4 Kg7 42. Ra1 Kf6 43. h4 Rb8 44. Ra4 Rb2 45. Ke3 Rc2 46. Nb7
Nc4+ 47. Kd4 Rf2 48. Bxc4 dxc4 49. Ke3 Rc2 50. Nd6 Be6 51. Ne4+ Kg7 52. Ra7 Rh2
53. Ng5 Bd5 54. Kf4 Rxh4+ 55. Kg3 Rh1 56. Nf3 Bxf3 57. Kxf3 c3 58. Rc7 c2 59.
Rxc6 c1=Q {White resigns} 0-1

[Event "Team 45 45 League T86"]
[Site "Internet Chess Club"]
[Date "2020.11.08"]
[Round "6"]
[White "Goli"]
[Black "Manas"]
[Result "1-0"]
[WhiteElo "1760"]
[BlackElo "1679"]
[Opening "Sicilian: Alapin's variation (2.c3)"]
[ECO "B22"]
[Time "11:01:47"]
[TimeControl "2700+45"]

1. e4 c5 2. c3 d5 3. exd5 Nf6 4. Bb5+ Nbd7 5. c4 g6 6. Nc3 Bg7 7. Nf3 O-O 8. O-O
Nb6 9. d3 e6 10. dxe6 Bxe6 11. Be3 Rc8 12. Ba4 Nxa4 13. Nxa4 b6 14. Nc3 Ng4 15.
Qe2 Nxe3 16. fxe3 h6 17. Rad1 Qd7 18. e4 Rfe8 19. Qd2 Kh7 20. Nd5 Bxd5 21. exd5
b5 22. b3 Re7 23. Rde1 Rce8 24. Rxe7 Rxe7 25. Re1 Rxe1+ 26. Qxe1 Qf5 27. Qe4 Qf6
28. Qe2 b4 29. g3 a5 30. Qf2 Qa1+ 31. Kg2 g5 32. d6 g4 33. Nh4 Qe5 34. Qf5+ Kg8
35. Qxe5 {Black resigns} 1-0

[Event "Team 45 45 League T86"]
[Site "Internet Chess Club"]
[Date "2020.11.06"]
[Round "6"]
[White "KidRattler"]
[Black "MrAbendroth"]
[Result "1-0"]
[WhiteElo "1769"]
[BlackElo "1678"]
[Opening "King's Indian: London system"]
[ECO "A45"]
[Time "14:01:43"]
[TimeControl "2700+45"]

1. d4 Nf6 2. Bf4 g6 3. Nf3 Bg7 4. h3 O-O 5. e3 d6 6. c3 Nbd7 7. Bc4 b6 8. Nbd2
Bb7 9. Qb3 d5 10. Be2 c5 11. O-O c4 12. Qc2 Nh5 13. Bh2 Nhf6 14. Ne5 b5 15. f4
e6 16. Bf3 a5 17. a3 Qe7 18. a4 b4 19. e4 b3 20. Qb1 Nb6 21. Re1 Qd8 22. g4 Nfd7
23. exd5 Nxe5 24. fxe5 Bxd5 25. Qd1 Rc8 26. Bxd5 Qxd5 27. Ne4 f5 28. gxf5 Rxf5
29. Qg4 Rcf8 30. Bg3 Qc6 31. Re2 Nd5 32. Nd6 Ne7 33. Nxf5 Nxf5 34. Bh2 Rd8 35.
Qe4 Rd5 36. Rf2 Bh6 37. Bf4 Bg7 38. Kh2 Qe8 39. Bd2 Qd7 40. Bg5 Qf7 41. Raf1 Qc7
42. Rxf5 gxf5 43. Rxf5 Qd7 44. Rf2 Qe8 45. Bf6 Qg6 46. Qxg6 hxg6 47. Bxg7 Kxg7
48. Rf6 Rxd4 49. cxd4 c3 50. bxc3 {Black resigns} 1-0

[Event "Team 45 45 League T86"]
[Site "Internet Chess Club"]
[Date "2020.11.08"]
[Round "6"]
[White "cityprosecutor"]
[Black "ascoli"]
[Result "1-0"]
[WhiteElo "1657"]
[BlackElo "1641"]
[Opening "Réti: King's Indian attack, French variation"]
[ECO "C00"]
[Time "06:20:03"]
[TimeControl "2700+45"]

1. e4 e6 2. d3 d5 3. Nd2 Nf6 4. g3 Be7 5. Bg2 c5 6. Ngf3 Nc6 7. O-O O-O 8. Re1
b5 9. e5 Nd7 10. Nf1 a5 11. Bf4 Ba6 12. h4 c4 13. d4 b4 14. N1h2 c3 15. b3 Bb5
16. Be3 a4 17. Ng5 axb3 18. axb3 Rxa1 19. Qxa1 Bxg5 20. hxg5 Qa8 21. Qd1 Qa2 22.
Ng4 Ne7 23. Bf1 Bxf1 24. Kxf1 Ra8 25. Kg2 Qb2 26. Bc1 Qb1 27. Qd3 Ra2 28. Ne3
Nf5 29. Nxf5 exf5 30. Qxf5 Qxc2 31. Qf3 Qxb3 32. e6 Ra8 {Black resigns} 1-0